TOP OF THE 1ST |
Springfield Cardinals batting - Pitching for Harrisburg Senators : RHP Bill Stump
|
Pitching: RHP Bill Stump
|
|
Batting: RHB John Parra
|
0-0: Ball 1-0: SINGLE (Flyball, 8LS, EV 90.6 MPH)
|
Batting: RHB Klaas Meij
|
0-0: Called Strike 0-1: Fielders Choice at 2nd, 6-4 (Groundball, 6, EV 83.8 MPH)
|
Batting: RHB Melvin Enriquez
|
0-0: Ball 1-0: Foul Ball, location: 2F 1-1: Ball 2-1: Fielders Choice at 2nd, 5-4 (Groundball, 56, EV 89.4 MPH)
|
Batting: LHB Shigeru Ono
|
0-0: Ball Melvin Enriquez steals 2nd base 1-0: Called Strike 1-1: Swinging Strike 1-2: Ball 2-2: Strikes out swinging
|
Top of the 1st over - 0 runs, 1 hit, 0 errors, 1 left on base; Springfield 0 - Harrisburg 0 |
BOTTOM OF THE 1ST |
Harrisburg Senators batting - Pitching for Springfield Cardinals : RHP Ben Cook
|
Pitching: RHP Ben Cook
|
|
Batting: LHB Diego Muniz
|
0-0: Called Strike 0-1: Called Strike 0-2: Ball 1-2: Ball 2-2: Foul Ball, location: 2F 2-2: Foul Ball, location: 2F 2-2: Ground out U3 (Groundball, 3L, EV 82.5 MPH)
|
Batting: RHB John McNeill
|
0-0: Called Strike 0-1: Ground out 5-3 (Groundball, 5, EV 85.6 MPH)
|
Batting: RHB Deshawn Boseman
|
0-0: Called Strike 0-1: Called Strike 0-2: Strikes out swinging
|
Bottom of the 1st over - 0 runs, 0 hits, 0 errors, 0 left on base; Springfield 0 - Harrisburg 0 |
TOP OF THE 2ND |
Springfield Cardinals batting - Pitching for Harrisburg Senators : RHP Bill Stump
|
Batting: RHB David Fernandez
|
0-0: Ball 1-0: SINGLE (Line Drive, 8RM, EV 89.4 MPH)
|
Batting: RHB Dave Cluster
|
0-0: Ball 1-0: Ball 2-0: Foul Ball, location: 2F 2-1: Swinging Strike 2-2: Foul Ball, location: 2F 2-2: Ball 3-2: Fielders Choice at 2nd, 5-4 (Groundball, 56, EV 81.9 MPH)
|
Batting: RHB Tony Mendez
|
0-0: Called Strike 0-1: Ball Dave Cluster steals 2nd base 1-1: Ball 2-1: Foul Ball, location: 2F 2-2: Ground out U3 (Groundball, 34S, EV 89.4 MPH) Dave Cluster to third
|
Batting: LHB Chris Raymond
|
0-0: Ball 1-0: Swinging Strike 1-1: 2-RUN HOME RUN (Flyball, 89XD, EV 96.9 MPH) (Inside the Park)
|
Batting: RHB Danny Gallo
|
0-0: Ball 1-0: Foul Ball, location: 2F 1-1: Foul Ball, location: 2F 1-2: Ball 2-2: Ground out 6-3 (Groundball, 6S, EV 68.1 MPH)
|
Top of the 2nd over - 2 runs, 2 hits, 0 errors, 0 left on base; Springfield 2 - Harrisburg 0 |
BOTTOM OF THE 2ND |
Harrisburg Senators batting - Pitching for Springfield Cardinals : RHP Ben Cook
|
Batting: LHB Shinji Adachi
|
0-0: Called Strike 0-1: Ground out 3-1 (Groundball, 34, EV 90.6 MPH)
|
Batting: RHB Jim Towle
|
0-0: Called Strike 0-1: Called Strike 0-2: Strikes out swinging
|
Batting: LHB Adam Jacobs
|
0-0: Ball 1-0: Ball 2-0: SOLO HOME RUN (Flyball, 9D, EV 94.4 MPH), Distance : 355 ft
|
Batting: RHB Juan Taveras
|
0-0: Foul Ball, location: 2F 0-1: Foul Ball, location: 2F 0-2: Ball 1-2: Ball 2-2: Foul Ball, location: 2F 2-2: Ball 3-2: Foul Ball, location: 2F 3-2: Base on Balls
|
Batting: RHB Tony Madrigal
|
0-0: Ball 1-0: Ball 2-0: Swinging Strike 2-1: Foul Ball, location: 2F 2-2: Ground out 4-3 (Groundball, 34, EV 80.0 MPH)
|
Bottom of the 2nd over - 1 run, 1 hit, 0 errors, 1 left on base; Springfield 2 - Harrisburg 1 |
TOP OF THE 3RD |
Springfield Cardinals batting - Pitching for Harrisburg Senators : RHP Bill Stump
|
Batting: RHB John Parra
|
0-0: Foul Ball, location: 2F 0-1: Ball 1-1: Ground out 1-3 (Groundball, 13, EV 66.9 MPH)
|
Batting: RHB Klaas Meij
|
0-0: Foul Ball, location: 2F 0-1: Fly out, F9 (Flyball, 89S, EV 87.5 MPH)
|
Batting: RHB Melvin Enriquez
|
0-0: Ball 1-0: Ball 2-0: Ball 3-0: Base on Balls
|
Batting: LHB Shigeru Ono
|
0-0: Ball 1-0: Ball Melvin Enriquez steals 2nd base 2-0: Called Strike 2-1: Foul Ball, location: 2F 2-2: Strikes out swinging
|
Top of the 3rd over - 0 runs, 0 hits, 0 errors, 1 left on base; Springfield 2 - Harrisburg 1 |
BOTTOM OF THE 3RD |
Harrisburg Senators batting - Pitching for Springfield Cardinals : RHP Ben Cook
|
Batting: RHB Chris Pynn
|
0-0: Swinging Strike 0-1: Ball 1-1: Foul Ball, location: 2F 1-2: Ball 2-2: Strikes out looking
|
Batting: LHB Diego Muniz
|
0-0: SINGLE (Groundball, 4MS, EV 65.0 MPH) (infield hit)
|
Batting: RHB John McNeill
|
0-0: Ball Diego Muniz steals 2nd base 1-0: Ground out U3 (Groundball, 3, EV 88.1 MPH) Diego Muniz to third
|
Batting: RHB Deshawn Boseman
|
0-0: Foul Ball, location: 2F 0-1: Fly out, F8 (Line Drive, 8RD, EV 87.5 MPH)
|
Bottom of the 3rd over - 0 runs, 1 hit, 0 errors, 1 left on base; Springfield 2 - Harrisburg 1 |
TOP OF THE 4TH |
Springfield Cardinals batting - Pitching for Harrisburg Senators : RHP Bill Stump
|
Batting: RHB David Fernandez
|
0-0: Ball 1-0: Ball 2-0: Ball 3-0: Base on Balls
|
Batting: RHB Dave Cluster
|
0-0: Foul Ball, location: 2F 0-1: Ball 1-1: SINGLE (Flyball, 8RS, EV 86.9 MPH) David Fernandez to second
|
Batting: RHB Tony Mendez
|
0-0: Foul Ball, location: 2F 0-1: Called Strike 0-2: Ball 1-2: Fly out, F3 (Popup, 3S, EV 68.1 MPH)
|
Batting: LHB Chris Raymond
|
0-0: Swinging Strike 0-1: Ball 1-1: SINGLE (Flyball, 56D, EV 90.0 MPH) David Fernandez to third Dave Cluster to second
|
Batting: RHB Danny Gallo
|
0-0: Called Strike 0-1: Ball 1-1: Ball 2-1: Called Strike 2-2: Fly out, F7 (Line Drive, 7D, EV 103.1 MPH)
|
Batting: RHB John Parra
|
0-0: Ball 1-0: Swinging Strike 1-1: Foul Ball, location: 2F 1-2: Ball 2-2: Fly out, F8 (Flyball, 8LD, EV 101.3 MPH)
|
Top of the 4th over - 0 runs, 2 hits, 0 errors, 3 left on base; Springfield 2 - Harrisburg 1 |
BOTTOM OF THE 4TH |
Harrisburg Senators batting - Pitching for Springfield Cardinals : RHP Ben Cook
|
Batting: LHB Shinji Adachi
|
0-0: Called Strike 0-1: Foul Ball, location: 2F 0-2: Ball 1-2: Ball 2-2: Fly out, F6 (Flyball, 56D, EV 87.5 MPH)
|
Batting: RHB Jim Towle
|
0-0: Foul Ball, location: 2F 0-1: Called Strike 0-2: Foul Ball, location: 2F 0-2: Ball 1-2: Ball 2-2: Ball 3-2: Ground out 4-3 (Groundball, 4, EV 81.3 MPH)
|
Batting: LHB Adam Jacobs
|
0-0: Ball 1-0: Swinging Strike 1-1: Ball 2-1: Foul Ball, location: 2F 2-2: Strikes out swinging
|
Bottom of the 4th over - 0 runs, 0 hits, 0 errors, 0 left on base; Springfield 2 - Harrisburg 1 |
TOP OF THE 5TH |
Springfield Cardinals batting - Pitching for Harrisburg Senators : RHP Bill Stump
|
Batting: RHB Klaas Meij
|
0-0: Called Strike 0-1: Ball 1-1: Ball 2-1: Single, Error in OF, E8, batter to second base (Groundball, 4D, EV 94.4 MPH)
|
Batting: RHB Melvin Enriquez
|
0-0: Ball 1-0: Ball 2-0: Ball 3-0: SINGLE (Line Drive, 4M, EV 99.4 MPH) Klaas Meij to third
|
Batting: LHB Shigeru Ono
|
0-0: SINGLE (Groundball, 4, EV 80.0 MPH) (infield hit) Klaas Meij scores Melvin Enriquez to second
|
Batting: RHB David Fernandez
|
0-0: Called Strike 0-1: Swinging Strike 0-2: Strikes out swinging
|
Batting: RHB Dave Cluster
|
0-0: Ball 1-0: Ball 2-0: Foul Ball, location: 2F 2-1: Called Strike 2-2: Foul Ball, location: 2F 2-2: Ball 3-2: Fly out, F9 (Flyball, 9, EV 93.1 MPH)
|
Batting: RHB Tony Mendez
|
0-0: Called Strike 0-1: Ball 1-1: Ball 2-1: Ball 3-1: Ground out 4-3 (Groundball, 4MS, EV 87.5 MPH)
|
Top of the 5th over - 1 run, 3 hits, 1 error, 2 left on base; Springfield 3 - Harrisburg 1 |
BOTTOM OF THE 5TH |
Harrisburg Senators batting - Pitching for Springfield Cardinals : RHP Ben Cook
|
Batting: RHB Juan Taveras
|
0-0: Ground out 6-3 (Groundball, 56, EV 98.1 MPH)
|
Batting: RHB Tony Madrigal
|
0-0: Ball 1-0: Called Strike 1-1: Ball 2-1: Swinging Strike 2-2: Foul Ball, location: 2F 2-2: Ground out 4-3 (Groundball, 4, EV 83.1 MPH)
|
Batting: RHB Chris Pynn
|
0-0: SINGLE (Groundball, 4MD, EV 110.0 MPH)
|
Batting: LHB Diego Muniz
|
0-0: SINGLE (Groundball, 4M, EV 102.5 MPH) Chris Pynn to second
|
Batting: RHB John McNeill
|
0-0: Foul Ball, location: 2F 0-1: Ball 1-1: Foul Ball, location: 2F 1-2: Strikes out swinging
|
Bottom of the 5th over - 0 runs, 2 hits, 0 errors, 2 left on base; Springfield 3 - Harrisburg 1 |
TOP OF THE 6TH |
Springfield Cardinals batting - Pitching for Harrisburg Senators : RHP Bill Stump
|
Pitching: RHP Fernando Fierros
|
|
Batting: LHB Chris Raymond
|
0-0: Ball 1-0: Ball 2-0: Called Strike 2-1: Ball 3-1: Ground out 4-3 (Groundball, 4, EV 86.9 MPH)
|
Batting: RHB Danny Gallo
|
0-0: Ball 1-0: SINGLE (Line Drive, 4MD, EV 96.9 MPH)
|
Batting: RHB John Parra
|
0-0: Fly out, F8 (Flyball, 89XD, EV 96.3 MPH)
|
Batting: RHB Klaas Meij
|
0-0: Called Strike Danny Gallo steals 2nd base 0-1: DOUBLE (Line Drive, 78D, EV 106.3 MPH) Danny Gallo scores
|
Batting: RHB Melvin Enriquez
|
0-0: SINGLE (Groundball, 56D, EV 95.6 MPH) Klaas Meij to third
|
Batting: LHB Shigeru Ono
|
0-0: Ball 1-0: Ball 2-0: Foul Ball, location: 2F 2-1: Foul Ball, location: 2F 2-2: Hit by Pitch Melvin Enriquez to second
|
Batting: RHB David Fernandez
|
0-0: Ball 1-0: Swinging Strike 1-1: Foul Ball, location: 2F 1-2: Ball 2-2: Strikes out swinging
|
Top of the 6th over - 1 run, 3 hits, 0 errors, 3 left on base; Springfield 4 - Harrisburg 1 |
BOTTOM OF THE 6TH |
Harrisburg Senators batting - Pitching for Springfield Cardinals : RHP Ben Cook
|
Batting: RHB Deshawn Boseman
|
0-0: Ball 1-0: Ground out 6-3 (Groundball, 6, EV 84.4 MPH)
|
Batting: LHB Shinji Adachi
|
0-0: Ball 1-0: Called Strike 1-1: Ball 2-1: Called Strike 2-2: Ball 3-2: Fly out, F7 (Line Drive, 7, EV 91.3 MPH)
|
Batting: RHB Jim Towle
|
0-0: Called Strike 0-1: Ball 1-1: Called Strike 1-2: Strikes out swinging
|
Bottom of the 6th over - 0 runs, 0 hits, 0 errors, 0 left on base; Springfield 4 - Harrisburg 1 |
TOP OF THE 7TH |
Springfield Cardinals batting - Pitching for Harrisburg Senators : RHP Fernando Fierros
|
Batting: RHB Dave Cluster
|
0-0: Ground out 4-3 (Groundball, 34, EV 108.1 MPH)
|
Batting: RHB Tony Mendez
|
0-0: Called Strike 0-1: Swinging Strike 0-2: Strikes out looking
|
Batting: LHB Chris Raymond
|
0-0: Called Strike 0-1: Ball 1-1: Ball 2-1: Ground out U3 (Groundball, 13, EV 80.6 MPH)
|
Top of the 7th over - 0 runs, 0 hits, 0 errors, 0 left on base; Springfield 4 - Harrisburg 1 |
BOTTOM OF THE 7TH |
Harrisburg Senators batting - Pitching for Springfield Cardinals : RHP Ben Cook
|
Pitching: LHP Sid DeSensi
|
|
Batting: LHB Adam Jacobs
|
0-0: Ground out 6-3 (Groundball, 6MD, EV 85.0 MPH)
|
Pitching: RHP Perry Cashwell
|
|
Batting: RHB Juan Taveras
|
0-0: Foul Ball, location: 2F 0-1: Ball 1-1: Foul Ball, location: 2F 1-2: Fly out, F8 (Flyball, 8LM, EV 91.3 MPH)
|
Batting: RHB Tony Madrigal
|
0-0: Called Strike 0-1: Ball 1-1: Called Strike 1-2: Strikes out swinging
|
Bottom of the 7th over - 0 runs, 0 hits, 0 errors, 0 left on base; Springfield 4 - Harrisburg 1 |
TOP OF THE 8TH |
Springfield Cardinals batting - Pitching for Harrisburg Senators : RHP Fernando Fierros
|
Pitching: RHP Allen Downing
|
|
Batting: RHB Danny Gallo
|
0-0: Ball 1-0: Called Strike 1-1: Ball 2-1: Ball 3-1: Ground out 5-3 (Groundball, 5, EV 105.6 MPH)
|
Batting: RHB John Parra
|
0-0: Called Strike 0-1: Ball 1-1: Ball 2-1: Foul Ball, location: 2F 2-2: Ball 3-2: Base on Balls
|
Batting: RHB Klaas Meij
|
0-0: Ball Pickoff Throw to First - Out! 1-3 1-0: Ball 2-0: Called Strike 2-1: Foul Ball, location: 2F 2-2: Foul Ball, location: 2F 2-2: DOUBLE (Flyball, 8LXD, EV 86.3 MPH)
|
Batting: RHB Melvin Enriquez
|
0-0: SINGLE (Flyball, 4D, EV 88.1 MPH) Klaas Meij to third Runner from 3rd tries for Home, SAFE, throw by CF to home Melvin Enriquez to second
|
Batting: LHB Shigeru Ono
|
0-0: Ball 1-0: Foul Ball, location: 2F 1-1: Called Strike 1-2: Ball 2-2: Fly out, F7 (Flyball, 78S, EV 96.9 MPH)
|
Top of the 8th over - 1 run, 2 hits, 0 errors, 1 left on base; Springfield 5 - Harrisburg 1 |
BOTTOM OF THE 8TH |
Harrisburg Senators batting - Pitching for Springfield Cardinals : RHP Perry Cashwell
|
Batting: RHB Chris Pynn
|
0-0: Ground out 5-3 (Groundball, 56, EV 100.6 MPH)
|
Batting: LHB Diego Muniz
|
0-0: Ball 1-0: Foul Ball, location: 2F 1-1: Ground out 6-3 (Groundball, 6, EV 100.6 MPH)
|
Batting: RHB John McNeill
|
0-0: SINGLE (Groundball, 6S, EV 68.1 MPH) (infield hit)
|
Batting: RHB Deshawn Boseman
|
0-0: Ball 1-0: Swinging Strike 1-1: Ball 2-1: Foul Ball, location: 2F 2-2: Strikes out swinging
|
Bottom of the 8th over - 0 runs, 1 hit, 0 errors, 1 left on base; Springfield 5 - Harrisburg 1 |
TOP OF THE 9TH |
Springfield Cardinals batting - Pitching for Harrisburg Senators : RHP Allen Downing
|
Pitching: RHP Sam Wood
|
|
Batting: RHB David Fernandez
|
0-0: Called Strike 0-1: Foul Ball, location: 2F 0-2: Foul Ball, location: 2F 0-2: Strikes out swinging
|
Batting: RHB Dave Cluster
|
0-0: Foul Ball, location: 2F 0-1: Called Strike 0-2: Strikes out swinging
|
Batting: RHB Tony Mendez
|
0-0: Called Strike 0-1: Swinging Strike 0-2: Strikes out looking
|
Top of the 9th over - 0 runs, 0 hits, 0 errors, 0 left on base; Springfield 5 - Harrisburg 1 |
BOTTOM OF THE 9TH |
Harrisburg Senators batting - Pitching for Springfield Cardinals : RHP Perry Cashwell
|
Pitching: LHP Nick Suggett
|
|
Batting: LHB Shinji Adachi
|
0-0: Ball 1-0: Swinging Strike 1-1: Called Strike 1-2: Foul Ball, location: 2F 1-2: Strikes out looking
|
Batting: RHB Jim Towle
|
0-0: Ball 1-0: Called Strike 1-1: Ground out 6-3 (Groundball, 6M, EV 88.1 MPH)
|
Batting: LHB Adam Jacobs
|
0-0: Ball 1-0: Foul Ball, location: 2F 1-1: Ball 2-1: Foul Ball, location: 2F 2-2: Strikes out swinging
|
Bottom of the 9th over - 0 runs, 0 hits, 0 errors, 0 left on base; Springfield 5 - Harrisburg 1 |
|